 Dungeon Crawl Stone Soup version 0.30-a0-393-g54b8e3be05 (webtiles) character file.

Game seed: 3037452515952105894

4 porpoise the Sneak (level 1, -2/12 HPs)
             Began as a Gargoyle Brigand on Dec 6, 2022.
             Slain by a worm (6 damage)
             ... on level 2 of the Dungeon.
             The game lasted 00:00:58 (89 turns).

porpoise the Sneak (Gargoyle Brigand)                 Turns: 89, Time: 00:00:58

Health: -2/12      AC:  6    Str: 14    XL:     1   Next: 60%
Magic:  1/1        EV: 11    Int: 11    God:
Gold:   0          SH:  0    Dex: 11    Spells: 0/0 levels left

rFire   . . .      SeeInvis .    a - +2 dagger
rCold   . . .      Faith    .    (no shield)
rNeg    + . .      Spirit   .    h - +0 leather armour
rPois   ∞          Reflect  .    (no helmet)
rElec   +          Harm     .    c - +0 cloak
rCorr   .          Rampage  .    (no gloves)
Will    .....                    (no boots)
Stlth   ++........               (no amulet)
HPRegen 0.22/turn                (no ring)
MPRegen 0.07/turn                (no ring)

@: no status effects
A: sickness immunity, AC +2, negative energy resistance 1, electricity
resistance, torment resistance 1, petrification resistance
a: no special abilities


You were on level 2 of the Dungeon.
You visited 1 branch of the dungeon, and saw 2 of its levels.

Inventory:

Hand Weapons
 a - a +2 dagger (weapon)
 b - a +0 sling
Missiles
 d - 9 poisoned darts (quivered)
 e - 3 curare-tipped darts
Armour
 c - a +0 cloak (worn)
 h - a +0 leather armour (worn)
Potions
 g - 2 potions of haste {unknown}


   Skills:
 + Level 2.2 Fighting
 + Level 1.8 Short Blades
 + Level 1.8 Throwing
 + Level 0.9 Dodging
 + Level 4.4 Stealth


You couldn't memorise any spells.
You didn't know any spells.
Your spell library was empty.

Dungeon Overview and Level Annotations

Branches:
Dungeon (1/15)

Altars:
Kikubaaqudgha


Innate Abilities, Weirdness & Mutations

You are immune to sickness and miasma.
Your stone body is resilient. (AC +2)
You are immune to poison.
You resist negative energy. (rN+)
You are resistant to electric shocks. (rElec)
You are resistant to unholy torment.
You are immune to petrification.


Message History

You hit the kobold.
You kill the kobold!
b - a +0 sling (weapon)
You shoot a sling bullet.
The sling bullet hits the worm but does no damage.
You shoot a sling bullet. The sling bullet hits the worm.
The worm is moderately wounded.
a - a +2 dagger (weapon)
You barely miss the goblin.
A goblin comes into view. It is wielding a +0 dagger.
The goblin hits you but does no damage.
You hit the goblin.
You kill the goblin!
You hit the worm.
The worm is lightly wounded.
You hit the worm.
The worm is moderately wounded.
The worm closely misses you.
You barely miss the worm.
The worm is lightly wounded.
You hit the worm.
The worm is moderately wounded.
The worm bites you!
Ouch! That really hurt!
* * * LOW HITPOINT WARNING * * *
You barely miss the worm.
The worm is moderately wounded.
You hit the worm.
The worm is heavily wounded.
The worm bites you but does no damage.
You barely miss the worm.
The worm is heavily wounded.
You hit the worm.
The worm is severely wounded.
The worm closely misses you.
You barely miss the worm.
The worm is heavily wounded.
The worm bites you.
Ouch! That really hurt!
You die...

....### .......
......# .._...#
......# ##..?.$
#g..# #w#
####@########
#...).......#
#...........#
#.>.........+
#...........#
#...........###
#.............#
#.............#
#.............#


You could see a worm and a goblin.

Vanquished Creatures
  A giant cockroach (D:2)
  2 goblins (D:2)
  A kobold (D:2)
4 creatures vanquished.

Notes
Turn   | Place    | Note
-------+----------+-------------------------------------------
     0 | D:1      | porpoise the Gargoyle Brigand began the quest for the Orb.
     0 | D:1      | Reached XP level 1. HP: 12/12 MP: 1/1
    23 | D:1      | You fall into a shaft and drop 1 floor!
    59 | D:2      | Found an ancient bone altar of Kikubaaqudgha.
    89 | D:2      | Slain by a worm

Illustrated notes

Levels and vault maps discovered:
D:1:      dpeg_arrival_stone_temple_mockup, layout_loops_ring, serial_bayou,
          serial_bayou_lagoon_a, serial_bayou_pond_c, serial_bayou_pond_b,
          serial_bayou_pond_a
D:2:      layout_basic, basic_altar, chequers_ecumenical_altar_grove,
          patterned_corridor, uniq_robin

Action                   || total
-------------------------++-------
Melee: Dagger            ||    14
 Fire: Sling             ||     8
Armor: Leather armour    ||     6
Dodge: Dodged            ||     7

Table legend: (Time is in decaauts)
 A = Elapsed time spent in this place.
 B = Non-inter-level travel time spent in this place.
 C = Inter-level travel time spent in this place.
 D = Time resting spent in this place.
 E = Time spent auto-exploring this place.
 F = Levels seen in this place.
 G = Mean time per level.
                   A        B        C        D        E       F      G
               +--------+--------+--------+--------+--------+-----+--------+
         Total |     89 |     89 |      0 |      0 |     18 |   2 |   44.5 |
       Dungeon |     89 |     89 |      0 |      0 |     18 |   2 |   44.5 |
               +--------+--------+--------+--------+--------+-----+--------+

Top non-repeatable levels by time:
     D:2: 66 daAuts
     D:1: 22 daAuts
